 Dungeon Crawl Stone Soup version 0.20-a0-700-gbd4582c (webtiles) character file.

64555 M4edhros the Unseen (level 15, -5/103 HPs)
             Began as an Octopode Artificer on Feb 20, 2017.
             Was a High Priest of Fedhas.
             Slain by an elephant (7 damage)
             ... on level 5 of the Lair of Beasts.
             The game lasted 00:59:22 (23872 turns).

M4edhros the Unseen (Octopode Artificer)           Turns: 23872, Time: 00:59:22

Health: -5/103     AC:  5    Str: 10    XL:     15   Next: 13%
Magic:  0/34       EV:  2    Int: 19    God:    Fedhas [*****.]
Gold:   1509       SH:  0    Dex: 21    Spells: 19/28 levels left

rFire    + + +     SeeInvis .   C - +5 demon trident (elec)
rCold    + + .     Gourm    .   (no shield)
rNeg     + + +     Faith    .   B - +1 hat
rPois    ∞         Spirit   +   e - amulet of guardian spirit
rElec    .         Reflect  .   H - +4 ring of dexterity
rCorr    .         Harm     .   a - ring of fire
MR       +....     Clarity  +   s - +4 ring of intelligence
Stlth    +++++++...             V - ring of protection from fire
Regen    0.3/turn               c - ring of magical power
MPRegen  0.3/turn               (no ring)
                                (no ring)
                                (no ring)

@: petrified
A: almost no armour, stealthy swim, amphibious, 8 rings, constrict 8, repulsion
field 1, rugged brown scales 1, yellow scales 1, camouflage 1, clarity, cold
resistance 3, fire resistance 1, poison resistance, weak 1, gelatinous body 1
a: Fungal Bloom, Evolution, Sunlight, Growth, Reproduction, Rain, Renounce
Religion


You were on level 5 of the Lair of Beasts.
You worshipped Fedhas.
Fedhas was extremely pleased with you.
You were not hungry.

You visited 4 branches of the dungeon, and saw 22 of its levels.

You collected 2279 gold pieces.
You spent 770 gold pieces at shops.

Inventory:

Hand Weapons
 h - a +1 hunting sling of freezing
 C - a +5 demon trident of electrocution (weapon)
 O - a +0 blowgun
Missiles
 p - 552 stones (quivered)
 y - 7 curare-tipped needles
 J - 66 sling bullets
Armour
 B - a +1 hat (worn)
Jewellery
 a - a ring of fire (right tentacle)
 c - a ring of magical power (on tentacle)
 e - an amulet of guardian spirit (around mantle)
 s - a +4 ring of intelligence (on tentacle)
 H - a +4 ring of dexterity (left tentacle)
 V - a ring of protection from fire (on tentacle)
Wands
 b - a wand of confusion (6/48)
 d - a wand of enslavement (5/24)
 l - a wand of digging (4/24)
 n - a wand of disintegration (4/24)
 u - a wand of scattershot (3/9)
 E - a wand of lightning (9/15)
 F - a wand of clouds (2/9)
 I - a wand of acid (3/15)
 M - a wand of iceblast (6/15)
 P - a wand of disintegration (13/24)
Scrolls
 j - a scroll of holy word
 k - 8 scrolls of teleportation
 o - a scroll of identify
 q - a scroll of immolation
 r - a scroll of fear
 v - 4 scrolls of blinking
 A - 3 scrolls of fog
 K - 4 scrolls of recharging
 Q - a scroll of torment
Potions
 g - a potion of invisibility
 m - a potion of mutation
 t - a potion of cancellation {unknown}
 L - 5 potions of curing
 N - a potion of might
 R - a potion of brilliance {unknown}
 T - 3 potions of agility
 W - 3 potions of flight
 X - a potion of magic
 Y - a potion of heal wounds
Books
 w - a book of Changes

   Spells                             Type                      Level
   a - Beastly Appendage              Transmutation                1
   b - Sticks to Snakes               Transmutation                2
   c - Spider Form                    Transmutation/Poison         3
   d - Ice Form                       Ice/Transmutation            4
   e - Blade Hands                    Transmutation                5
 x - a book of Necromancy

   Spells                             Type                      Level
   a - Pain                           Necromancy                   1
   b - Animate Skeleton               Necromancy                   1
   c - Vampiric Draining              Necromancy                   3
   d - Regeneration                   Charms/Necromancy            3
   e - Animate Dead                   Necromancy                   4
   f - Control Undead                 Necromancy                   4
 z - a book of Maledictions

   Spells                             Type                      Level
   a - Corona                         Hexes                        1
   b - Ensorcelled Hibernation        Hexes/Ice                    2
   c - Confuse                        Hexes                        3
   d - Tukima's Dance                 Hexes                        3
   e - Dazzling Spray                 Conjuration/Hexes            3
 D - a book of the Sky

   Spells                             Type                      Level
   a - Summon Lightning Spire         Summoning/Air                4
   b - Silence                        Hexes/Air                    5
   c - Deflect Missiles               Charms/Air                   6
   d - Conjure Ball Lightning         Conjuration/Air              6
   e - Tornado                        Air                          9
 U - a book of Transfigurations

   Spells                             Type                      Level
   a - Irradiate                      Conjuration/Transmutation    5
   b - Statue Form                    Transmutation/Earth          6
   c - Hydra Form                     Transmutation                6
   d - Dragon Form                    Transmutation                7
Miscellaneous
 Z - a sack of spiders
Comestibles
 f - a bread ration
 i - 8 meat rations
 G - 5 fruits


   Skills:
 + Level 8.7 Fighting
   Level 1.0 Short Blades
 + Level 10.1 Polearms
 - Level 5.5 Slings
 + Level 8.4 Dodging
 - Level 15.2 Stealth
 * Level 7.0 Spellcasting
 - Level 4.1 Charms
 - Level 4.0 Necromancy
 * Level 8.4 Transmutations
 * Level 8.1 Earth Magic
 - Level 6.9 Invocations
 - Level 7.9 Evocations


You had 19 spell levels left.
You knew the following spells:

 Your Spells              Type           Power        Failure   Level  Hunger
a - Regeneration          Chrm/Necr      ###.......   8%          3    #......
b - Statue Form           Tmut/Erth      #####....    54%         6    ######.


Dungeon Overview and Level Annotations

Branches:
Dungeon (14/15)            Temple (1/1) D:7            Lair (5/6) D:8
 Shoals (0/4) Lair:3        Snake (0/4) Lair:3        Slime (0/5) Lair:5
    Orc (2/2) D:10            Elf (0/3) Orc:2        Vaults (0/5) D:14

Altars:
Ashenzari
Cheibriados
Dithmenos
Elyvilon
Fedhas
Gozag
Hepliaklqana Ieoh Jian
Kikubaaqudgha
Makhleb
Nemelex Xobeh
Okawaru
Qazlal
Ru
Sif Muna
Trog
Uskayaw
Vehumet
Xom
Yredelemnul
Zin
The Shining One

Shops:
D:6 ?}!   D:8 (   D:10 ([?   D:13 *:!   Orc:2 !![}

Portals:
Pandemonium: Orc:2

Annotations:
Lair:5 exclusion: hyperactive ballistomycete


Innate Abilities, Weirdness & Mutations

You cannot wear most types of armour.
You are very stealthy in the water. (Stealth+)
You are amphibious.
You can wear up to eight rings at the same time.
You can use your tentacles to constrict eight enemies at once.
Your skin changes colour to match your surroundings (Stealth+).
Your rubbery body absorbs attacks. (AC +1, EV +1)
You are surrounded by a mild repulsion field. (EV +2)
You are partially covered in rugged brown scales. (AC +1, +3% HP)
You are partially covered in yellow scales. (AC +2)
You possess an exceptional clarity of mind.
Your flesh is almost immune to the effects of cold. (rC+++)
Your flesh is heat resistant. (rF+)
Your system is resistant to poisons. (rPois)
You are weak. (Str -2)


Message History

A fungus suddenly grows.
Fedhas protects your plant from harm.
Your hippogriff appears confused.
The explosion of spores engulfs your hippogriff.
Your hippogriff is heavily wounded.
The hippogriff is no longer charmed.
Fedhas protects your plant from harm. x3
The elephant tramples you but does no damage.
The elephant trunk-slaps you but does no damage.
The komodo dragon bites you!!
* * * LOW HITPOINT WARNING * * *
The polar bear bites the ballistomycete!
The polar bear claws the ballistomycete. x2
The elephant tramples you but does no damage.
The elephant trunk-slaps you but does no damage.
The komodo dragon bites you!!
* * * LOW HITPOINT WARNING * * *
The elephant tramples you!
You die...
Fedhas appreciates your contribution to the ecosystem.

...........##..
.................#....
.........................
#.........................
..##...........................
....#...........................
................................
........?...$............Y......
..............Y@.........>......
..P...........Hl........Y.......
.............$.l................
.................hPP............
.##....###...†...P....P#.......
#.....##......PP..<..........
..##...##.....PP..†............
...............P................
#.....>.........................


You could see an elephant, a polar bear (confused), a komodo dragon, a
hippogriff (confused), a basilisk, 2 neutral active ballistomycetes and a
friendly hyperactive ballistomycete.

Vanquished Creatures
  A stone giant (Orc:1)
  An ettin (Orc:1)
  Snorg (D:14)
  3 hydras
  Harold (Orc:1)
  A centaur warrior (D:13)
  Erica (D:9)
  4 two-headed ogres
  A tengu warrior (D:14)
  5 orc high priests (Orc:2)
  Urug (D:13)
  Sonja (Orc:2)
  A soul eater (Orc:2)
  A sun demon (Orc:2)
  A gelid demonspawn (Orc:2)
  An unseen horror (D:12)
  Pikel (D:5)
  8 orc knights (Orc:2)
  8 deep elf magi (Orc:1)
  7 orc sorcerers
  2 ugly things (D:11)
  3 cyclopes
  2 manticores (D:12)
  16 elephants (Lair:5)
  2 black mambas (Lair:3)
  Maurice (D:13)
  A rust devil (Orc:2)
  2 gargoyles
  7 spiny frogs
  8 komodo dragons
  2 rime drakes (Lair:5)
  A tengu conjurer (D:14)
  A meliai (shapeshifter) (D:14)
  8 trolls
  Grinder (D:5)
  A blink frog (shapeshifter) (D:14)
  14 blink frogs
  3 slime creatures (Lair:5)
  A snapping turtle (Lair:3)
  5 hippogriffs
  A tarantella (shapeshifter) (D:13)
  A vampire (D:11)
  A ynoxinul (Orc:2)
  24 yaks
  Eustachio (D:5)
  2 wyverns
  A hungry ghost (D:11)
  A human (D:7)
  Grum (D:11)
  A hog (D:7)
  2 steam dragons (D:10)
  3 wargs (Orc:1)
  An acid dragon (D:14)
  4 water moccasins
  2 sky beasts (D:10)
  7 porcupines
  31 orc warriors
  3 ice beasts
  2 slaves (D:5)
  4 black bears
  An eye of draining (D:11)
  2 phantoms
  4 centaurs
  4 wolves
  9 ogres
  2 crocodiles
  2 big kobolds
  15 bullfrogs
  3 scorpions
  A wyvern skeleton (D:8)
  2 wights (D:9)
  3 killer bees
  3 howler monkeys
  9 electric eels
  A bullfrog zombie (D:5)
  7 crimson imps
  2 jellies
  5 hounds
  22 orc wizards
  Crazy Yiuf (D:7)
  25 orc priests
  4 bullfrog skeletons
  2 centaur skeletons
  8 worker ants
  2 iguanas
  A hound zombie (D:10)
  6 gnolls
  13 adders
  2 howler monkey skeletons
  A shadow imp (D:13)
  An ooze (D:3)
  3 adder skeletons
  2 worms
  2 dart slugs
  5 leopard geckos
  92 orcs
  4 ball pythons
  8 giant cockroaches
  A goblin (D:2)
  3 hobgoblins
  9 jackals
  20 kobolds
  3 quokkas
  4 bats (D:3)
  6 frilled lizards
  A giant cockroach zombie (D:6)
  A jackal skeleton (D:9)
  A leopard gecko zombie (D:6)
  A quokka zombie (D:6)
  7 rats
  4 ballistomycetes
  A ballistomycete spore (Orc:2)
  7 toadstools
571 creatures vanquished.

Vanquished Creatures (collateral kills)
  An orc high priest (Orc:2)
  A soul eater (Orc:2)
  An ugly thing (D:11)
  A faun (shapeshifter) (D:14)
  A rime drake (shapeshifter) (D:14)
  2 hippogriffs (D:11)
  A water elemental (D:11)
  4 yaks
  2 hogs (D:7)
  A basilisk (D:8)
  2 hungry ghosts
  A porcupine (D:8)
  3 orc warriors (Orc:2)
  2 black bears (D:8)
  An ice beast (D:11)
  An ogre (D:9)
  A crocodile (D:8)
  3 killer bees
  A wight (D:9)
  A hound (D:10)
  A jelly (D:11)
  2 orc priests
  An adder (D:11)
  8 orcs
  A giant cockroach (D:6)
  3 ballistomycete spores
47 creatures vanquished.

Vanquished Creatures (others)
  A yak (D:11)
  An orc warrior (Orc:2)
  2 necrophages
  A worker ant zombie (D:8)
  An orc (D:11)
  13 wandering mushrooms
  2 ballistomycetes (Lair:5)
  4 fungi
  13 plants
  451 toadstools
489 creatures vanquished.

Grand Total: 1107 creatures vanquished

Notes
Turn   | Place    | Note
-------+----------+-------------------------------------------
     0 | D:1      | M4edhros the Octopode Artificer began the quest for the Orb.
     0 | D:1      | Reached XP level 1. HP: 13/13 MP: 3/3
   158 | D:1      | Reached skill level 2 in Stealth
   503 | D:2      | Reached skill level 3 in Stealth
   503 | D:2      | Reached XP level 2. HP: 18/18 MP: 4/4
   540 | D:2      | Found a glowing silver altar of Zin.
   634 | D:2      | Reached skill level 4 in Stealth
   634 | D:2      | Reached XP level 3. HP: 23/23 MP: 5/5
   832 | D:4      | Noticed an ogre
   873 | D:4      | Reached skill level 5 in Stealth
   873 | D:4      | Reached XP level 4. HP: 18/28 MP: 6/6
   898 | D:4      | Reached skill level 6 in Stealth
  1184 | D:4      | Reached skill level 7 in Stealth
  1184 | D:4      | Reached XP level 5. HP: 23/33 MP: 7/7
  1205 | D:4      | Reached skill level 8 in Stealth
  1209 | D:4      | Reached XP level 6. HP: 15/38 MP: 8/8
  1599 | D:4      | Reached skill level 9 in Stealth
  2098 | D:5      | Entered Level 5 of the Dungeon
  2098 | D:5      | Noticed Grinder
  2102 | D:5      | Killed Grinder
  2102 | D:5      | Reached skill level 10 in Stealth
  2102 | D:5      | Reached XP level 7. HP: 35/43 MP: 9/9
  2115 | D:5      | Reached skill level 11 in Stealth
  2776 | D:5      | Found a shadowy altar of Dithmenos.
  2806 | D:5      | Noticed Eustachio
  2857 | D:5      | Noticed Pikel
  2883 | D:5      | Killed Pikel
  2883 | D:5      | Reached skill level 13 in Stealth
  2883 | D:5      | Reached XP level 8. HP: 33/48 MP: 10/10
  2988 | D:5      | Gained mutation: Your flesh is heat resistant. (rF+) [potion of mutation]
  2988 | D:5      | Gained mutation: Your mind is acute. (Int +2) [potion of mutation]
  2988 | D:5      | Gained mutation: Your flesh is cold resistant. (rC+) [potion of mutation]
  3024 | D:5      | Killed Eustachio
  3550 | D:5      | Reached skill level 1 in Slings
  3850 | D:6      | Reached skill level 1 in Polearms
  3858 | D:6      | Found a shimmering altar of Xom.
  3859 | D:6      | Found a hazy altar of Hepliaklqana.
  3859 | D:6      | Noticed a tentacled monstrosity
  3860 | D:6      | Noticed a spectral ugly thing
  3860 | D:6      | Noticed a tentacled monstrosity
  4005 | D:6      | Found Himufrasm's Distillery.
  4015 | D:6      | Reached skill level 14 in Stealth
  4039 | D:6      | Found Nasoh's Gadget Boutique.
  4091 | D:6      | Reached XP level 9. HP: 40/54 MP: 11/11
  4608 | D:6      | Found Keejujug's Magic Scroll Emporium.
  4640 | D:6      | Found a deep blue altar of Sif Muna.
  5128 | D:7      | Found a staircase to the Ecumenical Temple.
  5141 | Temple   | Entered the Ecumenical Temple
  5370 | Temple   | Became a worshipper of Fedhas Madash
  6233 | D:1      | Found a shattered altar of Ashenzari.
  6571 | D:2      | Found a faded altar of an unknown god.
  6966 | D:2      | Reached * piety under Fedhas
  7075 | D:3      | Found a bloodstained altar of Trog.
  7561 | D:7      | Found a stormy altar of Qazlal.
  7566 | D:7      | Found an opulent altar of Gozag.
  7567 | D:7      | Found an ornate altar of the Ieoh Jian Council.
  7567 | D:7      | Found a white marble altar of Elyvilon.
  7567 | D:7      | Found a shadowy altar of Dithmenos.
  7570 | D:7      | Found a snail-covered altar of Cheibriados.
  7571 | D:7      | Found a glowing golden altar of the Shining One.
  7672 | D:7      | Found a runed door.
  7785 | D:7      | Reached skill level 1 in Invocations
  8184 | D:7      | Noticed Crazy Yiuf
  8190 | D:7      | Killed Crazy Yiuf
  8403 | D:8      | Reached XP level 10. HP: 57/63 MP: 13/13
  8540 | D:8      | Reached skill level 5 in Polearms
  8541 | D:8      | Reached ** piety under Fedhas
  8816 | D:8      | Found a staircase to the Lair.
  8928 | D:8      | Found an ornate altar of the Ieoh Jian Council.
  9091 | D:8      | Reached skill level 5 in Evocations
  9103 | D:8      | Found Pocyb's Weapon Shop.
  9652 | D:9      | Noticed a two-headed ogre
  9671 | D:9      | Killed a two-headed ogre
 10054 | D:9      | Noticed a two-headed ogre
 10066 | D:9      | Killed a two-headed ogre
 10066 | D:9      | Reached skill level 15 in Stealth
 10066 | D:9      | Reached skill level 5 in Invocations
 10066 | D:9      | Reached XP level 11. HP: 50/70 MP: 15/15
 10226 | D:9      | Noticed Erica
 10380 | D:9      | Killed Erica
 10446 | D:10     | Entered Level 10 of the Dungeon
 10450 | D:10     | Found Lunuylos's Weapon Boutique.
 10452 | D:10     | Found a staircase to the Orcish Mines.
 10456 | D:10     | Found Qupoak's Armour Boutique.
 10555 | D:10     | Reached skill level 5 in Fighting
 10588 | D:10     | Reached skill level 5 in Dodging
 10626 | D:10     | Gained mutation: You are robust. (+10% HP) [mutagenic meat]
 10627 | D:10     | Gained mutation: You possess an exceptional clarity of mind. [mutagenic meat]
 10974 | D:10     | Found Egon's Magic Scroll Shoppe.
 11451 | D:11     | Noticed a green ugly thing
 11466 | D:11     | Killed a green ugly thing
 11470 | D:11     | Gained mutation: You are partially covered in rugged brown scales. (AC +1, +3% HP) [mutagenic meat]
 11658 | D:11     | Learned a level 3 spell: Regeneration
 11925 | D:11     | Noticed Grum
 11936 | D:11     | Killed Grum
 11945 | D:11     | Reached *** piety under Fedhas
 11969 | D:11     | Noticed an eight-headed hydra
 12104 | D:11     | Killed an eight-headed hydra
 12121 | D:11     | Noticed a cyclops
 12129 | D:11     | Killed a cyclops
 12129 | D:11     | Reached skill level 1 in Charms
 12231 | D:11     | Noticed a green ugly thing
 12241 | D:11     | Killed a green ugly thing
 12241 | D:11     | Reached skill level 5 in Slings
 12241 | D:11     | Reached skill level 1 in Spellcasting
 12245 | D:11     | Gained mutation: Your flesh is very cold resistant. (rC++) [mutagenic meat]
 12246 | D:11     | Gained mutation: Your system is resistant to poisons. (rPois) [mutagenic meat]
 12248 | D:11     | Lost mutation: You are robust. (+10% HP) [mutagenic meat]
 12292 | D:11     | Noticed a cyan ugly thing
 12402 | D:11     | Reached skill level 1 in Necromancy
 12413 | D:11     | Killed a cyan ugly thing
 13033 | D:11     | Reached XP level 12. HP: 30/80 MP: 3/17
 14312 | D:12     | Reached **** piety under Fedhas
 14884 | D:13     | Found Cedwaff's Book Boutique.
 14890 | D:13     | Bought a book of Transfigurations for 770 gold pieces
 14897 | D:13     | Learned a level 6 spell: Statue Form
 14957 | D:13     | Noticed Maurice
 14971 | D:13     | Killed Maurice
 14975 | D:13     | Reached skill level 1 in Transmutations
 15007 | D:13     | Noticed a centaur warrior
 15018 | D:13     | Killed a centaur warrior
 15018 | D:13     | Reached skill level 1 in Earth Magic
 15032 | D:13     | Identified a scroll of acquirement
 15130 | D:13     | Noticed Urug
 15142 | D:13     | Killed Urug
 15249 | D:13     | Found Wofux's Distillery.
 15389 | D:13     | Found Uppotaw's Assorted Antiques.
 15747 | D:14     | Found a gate to the Vaults.
 15777 | D:14     | Gained mutation: You are weak. (Str -2) [mutagenic meat]
 15778 | D:14     | Gained mutation: You are partially covered in yellow scales. (AC +2) [mutagenic meat]
 15783 | D:14     | Gained mutation: You are surrounded by a mild repulsion field. (EV +2) [mutagenic meat]
 15784 | D:14     | Lost mutation: Your mind is acute. (Int +2) [mutagenic meat]
 15852 | D:14     | Noticed Snorg
 15864 | D:14     | Killed Snorg
 16096 | D:14     | Noticed a tengu warrior
 16113 | D:14     | Killed a tengu warrior
 16113 | D:14     | Reached XP level 13. HP: 83/87 MP: 16/18
 16305 | D:14     | Gained mutation: Your flesh is almost immune to the effects of cold. (rC+++) [mutagenic meat]
 16474 | Orc:1    | Entered Level 1 of the Orcish Mines
 16484 | Orc:1    | Noticed a stone giant
 16514 | Orc:1    | Killed a stone giant
 16581 | Orc:1    | Reached ***** piety under Fedhas
 16703 | Orc:1    | Noticed Harold
 16823 | Orc:1    | Killed Harold
 16834 | Orc:1    | Reached skill level 5 in Earth Magic
 17107 | Orc:2    | Entered Level 2 of the Orcish Mines
 17108 | Orc:2    | Noticed Sonja
 17110 | Orc:2    | Found a staircase to the Elven Halls.
 17362 | Orc:2    | Killed Sonja
 17374 | Orc:2    | Reached skill level 5 in Transmutations
 17777 | Orc:2    | Found Yroz's Distillery.
 17778 | Orc:2    | Found Luzxaor's Distillery.
 18003 | Orc:1    | Noticed an ettin
 18111 | Orc:1    | Killed an ettin
 19062 | Orc:2    | Reached skill level 5 in Spellcasting
 19062 | Orc:2    | Reached XP level 14. HP: 42/94 MP: 10/21
 19469 | Orc:2    | Paralysed by an orc sorcerer for 3 turns
 19513 | Orc:2    | Found Lain's Gadget Emporium.
 19513 | Orc:2    | Found a one-way gate leading to the halls of Pandemonium.
 19513 | Orc:2    | Found Heziulox's Antique Armour Shoppe.
 20002 | Lair:1   | Entered Level 1 of the Lair of Beasts
 21969 | Lair:3   | Found a staircase to the Snake Pit.
 22071 | Lair:3   | Got an iridescent hand crossbow
 22072 | Lair:3   | Identified the +4 hand crossbow of Reapportionment {freeze, Dex+10} (You found it on level 3 of the Lair of Beasts)
 22577 | Lair:3   | Found a staircase to the Shoals.
 23306 | Lair:4   | Reached ****** piety under Fedhas
 23537 | Lair:5   | Found a staircase to the Slime Pits.
 23660 | Lair:5   | Reached skill level 10 in Polearms
 23673 | Lair:5   | Reached XP level 15. HP: 19/103 MP: 9/25
 23872 | Lair:5   | HP: 2/103 [komodo dragon (10)]
 23872 | Lair:5   | Slain by an elephant

Vault maps used:
D:1:      matt_arrival_spirals, evilmike_ruin_ashenzari
D:2:      zin_treasury, chequers_ecumenical_altar_island
D:3:      first_bread, hangedman_abyss_or_decor_stabs, trog_three_pillars_becter
D:5:      grunt_dithmenos_smoke, uniq_eustachio, uniq_grinder, uniq_pikel
D:6:      regret_index_temple_of_mockery, kennysheep_mini, serial_shops, shop,
          shop, shop
D:7:      minitemple, temple_statues, grunt_livestock, uniq_crazy_yiuf_cottage
D:8:      minmay_lair_entry_grove, serial_shops, nicolae_shop_waterfront,
          basic_altar, st_stairs_12
D:9:      solitary_fountain, uniq_erica
D:10:     orc_david_3, serial_shops, kennysheep_mini_moat
D:11:     serial_bayou_lake_a, uniq_grum
D:13:     serial_shops, shop, nicolae_shop_window_shopping, nicolae_shop_trees,
          uniq_urug, uniq_maurice
D:14:     david_vaults_2, kennysheep_pointless_box, uniq_snorg
Temple:   minmay_temple_curvy_loop
Lair:1:   minmay_stone_trees_small
Lair:2:   nicolae_quartered_pool_super, beast_lair_carwin_5
Lair:3:   minmay_shoals_entry_hut
Lair:5:   minmay_slime_entry_pillars, beast_lair_carwin_8
Orc:1:    elves_outpost_lemuel, uniq_harold
Orc:2:    pf_orc_diabolical, uniq_sonja

Skill      XL: |  1  2  3  4  5  6  7  8  9 10 11 12 13 14 15 |
---------------+----------------------------------------------+-----
Stealth        | 3 4 5 7 8 10 13 14 15 | 15.2
Slings         | 1 3 4 5 |  5.5
Polearms       | 2 4 6 7 8 9 10 | 10.1
Fighting       | 3 4 5 6 7 8 |  8.7
Dodging        | 3 4 5 6 7 8 |  8.4
Invocations    | 2 5 6 |  6.9
Evocations     | 4 6 7 |  7.9
Charms         | 1 3 4 |  4.1
Spellcasting   | 1 3 5 6 7 |  7.0
Necromancy     | 1 3 4 |  4.0
Transmutations | 3 6 8 |  8.4
Earth Magic    | 3 6 7 8 |  8.1
Short Blades   | |  1.0

Action                   |  1- 3 |  4- 6 |  7- 9 | 10-12 | 13-15 || total
-------------------------+-------+-------+-------+-------+-------++-------
Melee: Short sword       |    43 |    50 |     2 |       |       ||    95
       Constrict         |    10 |    10 |    46 |    69 |    96 ||   231
       Tentacles         |     8 |     9 |    38 |   127 |   154 ||   336
       Trident           |       |       |   263 |   508 |       ||   771
       Demon trident     |       |       |       |   111 |   781 ||   892
 Cast: Regeneration      |       |       |       |       |    15 ||    15
Invok: Fungal Bloom      |       |       |     9 |    59 |    51 ||   119
       Evolution         |       |       |     1 |     7 |     7 ||    15
       Sunlight          |       |       |       |     4 |     3 ||     7
       Reproduction      |       |       |       |       |     3 ||     3
Evoke: Wand              |       |     4 |    19 |    48 |    48 ||   119
       Sack of spiders   |       |       |       |     1 |       ||     1
  Use: Scroll            |     1 |       |     6 |    17 |    10 ||    34
       Potion            |       |       |     8 |     1 |     5 ||    14
 Stab: Sleeping          |     7 |     4 |    33 |    26 |    19 ||    89
       Distracted        |       |       |     4 |     3 |     4 ||    11
       Invisible         |       |       |     4 |       |       ||     4
       Confused          |       |       |     1 |    42 |    41 ||    84
  Eat: Chunk             |       |     3 |     8 |    14 |     8 ||    33
       Royal jelly       |       |       |     3 |     8 |       ||    11
       Bread ration      |       |       |     2 |     2 |     6 ||    10
Armor: Skin              |     2 |     2 |     8 |    30 |    37 ||    79
Dodge: Dodged            |    19 |    29 |   109 |   294 |   425 ||   876
